 Dungeon Crawl Stone Soup version 0.17.2-1-ge4368a0 (webtiles) character file.

17 tidbits the Insei (level 2, 0/22 HPs)
             Began as a Demigod Transmuter on Sept 22, 2017.
             Hit by a tomahawk thrown by an orc (4 damage)
             ... on level 3 of the Dungeon.
             The game lasted 00:03:50 (650 turns).

tidbits the Insei (Demigod Transmuter)               Turns: 650, Time: 00:03:50

Health: 0/22       AC:  2    Str: 13    XL:     2   Next: 30%
Magic:  3/7        EV: 12    Int: 17    God:
Gold:   86         SH:  0    Dex: 16    Spells: 2 memorised, 2 levels left

rFire  . . .     SeeInvis .       - Unarmed
rCold  . . .     Clarity  .     b - +0 robe
rNeg   . . .     SustAt   +     (no shield)
rPois  .         Gourm    .     (no helmet)
rElec  .         Spirit   .     (no cloak)
rCorr  .         Warding  .     (no gloves)
rMut   .         Stasis   .     (boots currently unavailable)
MR     .....                    (no amulet)
Stlth  +.........               (no ring)
                                (no ring)

@: appendage (expiring), not resistant to hostile enchantments, very unstealthy
A: talons 3, high mp 1, sustain attributes
a: End Transformation


You were on level 3 of the Dungeon.
You were not hungry.
You had grown temporary talons.
You visited 1 branch of the dungeon, and saw 3 of its levels.

You collected 86 gold pieces.

Inventory:

Missiles
 a - 10 arrows
Armour
 b - a +0 robe (worn)
Scrolls
 e - a scroll of amnesia {unknown}
 f - 3 scrolls of teleportation {unknown}
 h - a scroll of identify {unknown}
Potions
 i - a potion of lignification {unknown}
 j - 2 potions of degeneration {unknown}
 k - a potion of resistance {unknown}
Books
 c - a book of Changes

   Spells                             Type                      Level
   a - Beastly Appendage              Transmutation                1
   b - Sticks to Snakes               Transmutation                2
   c - Spider Form                    Transmutation/Poison         3
   d - Ice Form                       Ice/Transmutation            4
   e - Blade Hands                    Transmutation                5
Comestibles
 d - 2 bread rations
 g - 4 fruits


   Skills:
 - Level 0.8 Fighting
 - Level 1.7 Dodging
 + Level 3.0 Unarmed Combat
 + Level 2.1 Spellcasting
 + Level 2.1 Transmutations


You had 2 spell levels left.
You knew the following spells:

 Your Spells              Type           Power        Failure   Level  Hunger
e - Beastly Appendage     Trmt           #.....       10%         1    #......
k - Sticks to Snakes      Trmt           #.........   14%         2    ###....


Dungeon Overview and Level Annotations

Branches:
Dungeon (3/15)


Innate Abilities, Weirdness & Mutations

You have an increased reservoir of magic (+10% MP).
Your attributes are resistant to harm.
You have claws for feet.


Message History

The hobgoblin is heavily wounded.
The hobgoblin hits you.
Your horns disappear.
You hit the hobgoblin.
You kill the hobgoblin!
Casting: Beastly Appendage
Confirm with . or Enter, or press ? or * to list all spells.
You grow a pair of large bovine horns.
The goblin hits you with a club.
You barely miss the goblin. You headbutt the goblin.
You kill the goblin!
You miss the giant newt.
The giant newt bites you but does no damage.
You hit the giant newt.
You kill the giant newt!
Things that are here:
a club; a giant newt corpse
Found a robe.
k - a fizzy golden potion Your transformation is almost over.
Your horns disappear.
A goblin comes into view. It is wielding a dagger.
Casting: Beastly Appendage
Confirm with . or Enter, or press ? or * to list all spells.
You grow a pair of large bovine horns.
You hit the goblin.
You kill the goblin!
You see here a dagger.
Your transformation is almost over.
Your horns disappear.
Found 9 gold pieces.
You now have 86 gold pieces (gained 9).
Found a stone staircase leading down.
There is a stone staircase leading down here.
You climb downwards.
There is a stone staircase leading up here.
You enter the shallow water.
Moving in this stuff is going to be slow.
There is a dry fountain here.
An orc comes into view. It is wielding a whip.
Found a scroll labeled IXZEOXZA LEFUO.
Casting: Beastly Appendage
Confirm with . or Enter, or press ? or * to list all spells.
Your feet morph into talons.
An orc comes into view. It is wielding a club.
The orc shouts!
Casting: Beastly Appendage
Confirm with . or Enter, or press ? or * to list all spells.
You create a snake!
An orc comes into view. It is wielding a hand axe.
You closely miss the orc. You claw the orc.
The orc is severely wounded.
The orc hits you but does no damage.
Your ball python bites the orc.
The orc dies!
An orc comes into view. It is wielding an enchanted falchion.
Casting: Sticks to Snakes
Confirm with . or Enter, or press ? or * to list all spells.
You create a snake!
The orc throws a tomahawk.
The tomahawk misses you.
A bat comes into view.
An orc comes into view. It is wielding a flail.
You closely miss the bat. Your kick misses the bat.
The bat hits you but does no damage. The bat misses your ball python.
The bat misses you.
Your ball python misses the bat.
Your ball python barely misses the bat.
The bat hits you. The orc barely misses your ball python.
Your ball python bites the bat but does no damage.
Your ball python grabs the bat.
Your ball python constricts the bat.
You closely miss the orc. You claw the orc, but do no damage.
Your transformation is almost over.
The bat hits you but does no damage.
Your adder barely misses the orc.
The orc hits you with a club.
The bat struggles to escape constriction.
Your ball python bites the bat.
Your ball python constricts the bat.
You closely miss the orc. The bat hits you.
Your adder bites the orc.
The bat struggles to escape constriction.
The orc hits your ball python with a hand axe.
The orc hits you with an enchanted falchion!
* * * LOW HITPOINT WARNING * * *
The orc hits you with a club.
* * * LOW HITPOINT WARNING * * *
Your adder closely misses the orc.
Your ball python bites the bat.
Your ball python constricts the bat.
The bat dies!
Your Unarmed Combat skill increases to level 3!
The orc hits your ball python with a hand axe.
Your ball python dies!
Your adder bites the orc but does no damage.
The orc throws a tomahawk.
The tomahawk hits you.
* * * LOW HITPOINT WARNING * * *
The orc closely misses your adder.
You see here a tomahawk.
Your adder barely misses the orc.
The orc misses your adder. The orc barely misses your adder.
Your adder closely misses the orc.
The orc throws a tomahawk.
The tomahawk hits you but does no damage.
The orc misses your adder.
Your adder misses the orc.
You see here a tomahawk.
The orc misses your adder.
Your adder misses the orc.
The orc throws a tomahawk.
The tomahawk barely misses you.
The orc throws a tomahawk.
The tomahawk hits you.
You die...

#....# #.........
#....# #.........
#....# #......?..
###....######.........
#............o).......
#............(So......
#..........(..oo......
#.....................
#......(.@............
#...###≈..≈###........
##.#...#≈≈#...#.######
#.#.⌠.#≈≈#.⌠.#.#
#.#...#≈≈#...#.#
#..###≈≈≈≈###..#
#....≈≈≈≈≈≈....#
#....≈≈≈≈≈≈....#
#..###≈≈≈≈###..#######


You could see 4 orcs and a friendly adder.

Vanquished Creatures
  5 goblins
  5 hobgoblins
  A giant newt (D:2)
  3 kobolds
14 creatures vanquished.

Vanquished Creatures (collateral kills)
  An orc (D:3)
  A bat (D:3)
2 creatures vanquished.

Grand Total: 16 creatures vanquished

Notes
Turn   | Place    | Note
--------------------------------------------------------------
     0 | D:1      | tidbits the Demigod Transmuter began the quest for the Orb.
     0 | D:1      | Reached XP level 1. HP: 15/15 MP: 5/5
   230 | D:1      | Reached skill level 2 in Spellcasting
   428 | D:3      | Reached skill level 2 in Transmutations
   428 | D:3      | Reached XP level 2. HP: 20/22 MP: 7/7
   432 | D:3      | Learned a level 2 spell: Sticks to Snakes
   645 | D:3      | Reached skill level 3 in Unarmed Combat
   650 | D:3      | Hit by a tomahawk thrown by an orc

Action                   || total
-------------------------++-------
Melee: Unarmed           ||    41
 Cast: Beastly Appendage ||    12
       Sticks to Snakes  ||     2
 Stab: Sleeping          ||     1

Table legend:
 A = Turns spent in this place as a percentage of turns spent in the entire game.
 B = Non-inter-level travel turns spent in this place as a percentage of non-inter-level travel turns spent in the entire game.
 C = Inter-level travel turns spent in this place as a percentage of turns spent in this place.
 D = Turns resting spent in this place as a percentage of non-inter-level travel turns spent in this place.
 E = Turns spent auto-exploring this place as a percentage of non-inter-level travel turns spent in this place.
 F = Non-inter-level travel turns spent in this place divided by the number of levels of this place that you've seen.
                   A       B       C       D       E      F
               +-------+-------+-------+-------+-------+----------------------
         Total | 100.0 | 100.0 |   0.0 |   0.0 |   0.0 | 186.7
       Dungeon | 100.0 | 100.0 |   0.0 |   0.0 |   0.0 | 186.7
               +-------+-------+-------+-------+-------+----------------------

Table legend:
 A = Kills in this place as a percentage of kills in entire the game.
 B = Kills by you in this place as a percentage of kills by you in the entire game.
 C = Kills by friends in this place as a percentage of kills by friends in the entire game.
 D = Other kills in this place as a percentage of other kills in the entire game.
 E = Experience gained in this place as a percentage of experience gained in the entire game.
 F = Experience gained in this place divided by the number of levels of this place that you have seen.
                   A       B       C       D       E      F
               +-------+-------+-------+-------+-------+----------------------
         Total | 100.0 | 100.0 | 100.0 |  -nan | 100.0 |   8.3
       Dungeon | 100.0 | 100.0 | 100.0 |  -nan | 100.0 |   8.3
               +-------+-------+-------+-------+-------+----------------------

Vault maps used:
D:1:      grunt_arrival_lava_bath
D:2:      first_bread, grunt_ministairs_4
D:3:      wad_crossroads, lemuel_coloured_pillars_altar, fountainhead,
          minmay_statues_item, nicolae_ru_the_path_less_chosen
